 Dungeon Sprint DCSS version 0.31-a0-640-g39d97e502b (webtiles) character file.

Game seed: 10721880474674738122

7900 sircluck the Brawler (level 11, -4/127 HPs)
             Began as a Troll Berserker on Aug 28, 2023.
             Was the Champion of Trog.
             Slain by a komodo dragon (30 damage)
             ... in the Dungeon (Sprint III: "The Ten Rune Challenge").
             The game lasted 00:04:31 (992 turns).

sircluck the Brawler (Troll Berserker)               Turns: 992, Time: 00:04:31

Health: -4/127     AC:  4    Str: 34    XL:     11   Next: 2%
Magic:  10/10      EV: 11    Int:  6    God:    Trog [******]
Gold:   51         SH:  8    Dex:  7    Spells: 10/10 levels left

rFire   . .          .
                       - Unarmed
rCold   . . .        o - +1 kite shield {reflect}
rNeg    . . .        a - +0 animal skin
rPois   .            (helmet restricted)
rElec   .            (no cloak)
rCorr   .            (gloves unavailable)
SInv    .            (boots unavailable)
Will    .....        (no amulet)
Stlth   +            (no ring)
HPRegen 1.21/turn    (no ring)
MPRegen 0.12/turn

%: no teleportation, reflection
@: lethally poisoned (-4 -> -4)
A: large, unfitting armour, claws 3, regeneration 1, shaggy fur 1, tough skin 1,
clever 1, sense surroundings 1, strong 1
a: Renounce Religion, Berserk, Trog's Hand, Brothers in Arms


You were in the Dungeon.
You worshipped Trog.
Trog was exalted by your worship.
You visited 1 branch You collected 51 gold pieces.

Inventory:

Missiles
 h - 5 stones
 p - 7 curare-tipped darts
Armour
 a - a +0 animal skin (worn)
 o - a +1 kite shield of reflection (worn)
Scrolls
 g - 2 scrolls of blinking
 j - a scroll of poison {unknown}
 l - a scroll of immolation {unknown}
 m - a scroll of identify {unknown}
Potions
 b - 2 potions of curing
 c - a potion of heal wounds
 d - a potion of haste
 e - 2 potions of magic
 f - 2 potions of berserk rage
 i - 2 potions of mutation
 k - a potion of enlightenment {unknown}
Miscellaneous
 n - a phial of floods


   Skills:
 + Level 13.5 Fighting
 + Level 13.3 Dodging
 + Level 1.8 Shields
 + Level 15.7 Unarmed Combat


You had 10 spell levels left.
You didn't know any spells.
Your spell library was empty.

Dungeon Overview and Level Annotations

Branches:
Dungeon (1/1)

Altars:
Cheibriados
Dithmenos
Elyvilon
Fedhas
Gozag
Hepliaklqana
Kikubaaqudgha
Makhleb
Nemelex Xobeh
Okawaru
Qazlal
Ru
Sif Muna
Trog
Uskayaw
Vehumet
Wu Jian
Xom
Yredelemnul
Zin
The Shining One
Jiyva
Lugonu


Innate Abilities, Weirdness & Mutations

You are too large for most types of armour.
You have claws for hands.
Your natural rate of healing is unusually fast.
You are covered in fur. (AC +1)
You have tough skin. (AC +1)
Your mind is acute. (Int +4, Str/Dex -1)
You passively map a small area around you.
Your muscles are strong. (Str +4, Int/Dex -1)


Message History

You mangle the cane toad!!
You kill the cane toad!
Trog accepts your kill.
You feel very sick.
Your Shields skill increases to level 1!
You mangle the cane toad!!
The cane toad is severely wounded.
You feel very sick. The cane toad closely misses you.
You barely miss the cane toad.
The cane toad is severely wounded.
You feel very sick. The cane toad stings you!!
You closely miss the cane toad.
The cane toad is severely wounded.
You feel sick. The cane toad barely misses you.
You mangle the cane toad!!
You kill the cane toad!
Trog accepts your kill.
You feel sick.
You have reached level 11!
You barely miss the komodo dragon.
You feel sick. You block the komodo dragon's attack.
You eviscerate the komodo dragon!!!
The komodo dragon is almost dead.
You feel sick. The komodo dragon bites you!!
You completely miss the komodo dragon.
The komodo dragon is almost dead.
You feel sick. You block the komodo dragon's attack.
You closely miss the komodo dragon.
The komodo dragon is almost dead.
You feel sick.
You scratch the komodo dragon.
The komodo dragon is almost dead.
You feel sick. The komodo dragon bites you!
* * * LOW HITPOINT WARNING * * *
You barely miss the komodo dragon.
The komodo dragon is almost dead.
You feel sick. The komodo dragon bites you!!
You die...

~~~♣♣...'.⌠........# *∩ *
≈≈~~~♣..#...######'#, ,, * *
≈~~~....#.⌠.#__#...#+############
~~~.....#...#__#...#..§§§'.#.'...
~†......#)###__#...#.#§§§#.#.#.).
........#.:.#__#...'.#§§§#.#.#)).
........#___#__'...#.#§§.#...#...
▓▓▓▓▓▓▓▓▓▓▓▓▓▓▓▓▓▓▓▓▓▓▓▓▓▓▓▓▓▓▓▓▓
, ♣@~~........~~~... ~ ~ ~
♣l♣≈≈≈≈≈≈≈≈≈≈≈≈♣♣.. ~ ,
.~♣♣♣♣♣♣♣♣♣♣♣♣♣♣♣♣.. ~ #.. * ♣♣♣
~ ##* * * *** ** *** , ~~ , , * ,
+ * ~ , , * ~ ,


You could see a komodo dragon.

Vanquished Creatures
  Frances (D)
  Donald (D)
  Snorg (D)
  A centaur warrior (D)
  A deep elf pyromancer (D)
  2 cane toads (D)
  2 unseen horrors (D)
  A queen bee (D)
  3 wandering mushrooms (D)
  A shadow (D)
  A spatial vortex (D)
  2 centaurs (D)
  An earth elemental (D)
  A necrophage (D)
  A water elemental (D)
  21 killer bees (D)
  A jelly (D)
  Jessica (D)
  A wizard (D)
  A necromancer (D)
  A kobold demonologist (D)
  3 humans (D)
  A phantom (D)
  2 endoplasms (D)
52 creatures vanquished.

Vanquished Creatures (collateral kills)
  11 killer bees (D)
11 creatures vanquished.

Grand Total: 63 creatures vanquished

Notes
Turn   | Place    | Note
-------+----------+-------------------------------------------
     0 | D        | sircluck the Troll Berserker began the quest for the Orb.
     0 | D        | Reached XP level 1. HP: 22/22 MP: 0/0
    14 | D        | Noticed Jessica
    16 | D        | Killed Jessica
    16 | D        | Reached ** piety under Trog
    17 | D        | Reached skill level 4 in Unarmed Combat
    17 | D        | Reached XP level 2. HP: 30/32 MP: 1/1
    17 | D        | Reached XP level 3. HP: 37/39 MP: 2/2
    78 | D        | Reached skill level 5 in Unarmed Combat
    94 | D        | Gained mutation: You have a pair of small horns on your
                  | head. [potion of mutation]
    95 | D        | Lost mutation: You have a pair of small horns on your head.
                  | [potion of mutation]
    95 | D        | Gained mutation: You passively map a small area around you.
                  | [potion of mutation]
    95 | D        | Gained mutation: Your mind is acute. (Int +4, Str/Dex -1)
                  | [potion of mutation]
    95 | D        | Gained mutation: Your muscles are strong. (Str +4, Int/Dex
                  | -1) [potion of mutation]
   135 | D        | Noticed a water elemental
   139 | D        | Killed a water elemental
   139 | D        | Reached *** piety under Trog
   140 | D        | Reached skill level 5 in Fighting
   140 | D        | Reached skill level 5 in Dodging
   140 | D        | Reached skill level 6 in Unarmed Combat
   140 | D        | Reached XP level 4. HP: 22/50 MP: 3/3
   167 | D        | Found a basalt altar of Yredelemnul.
   167 | D        | Found a shadowy altar of Dithmenos.
   167 | D        | Found a sacrificial altar of Ru.
   167 | D        | Noticed a necrophage
   170 | D        | Killed a necrophage
   171 | D        | Reached XP level 5. HP: 55/59 MP: 4/4
   175 | D        | Reached skill level 7 in Unarmed Combat
   202 | D        | Found a hide-covered altar of Uskayaw.
   202 | D        | Found an iron altar of Okawaru.
   202 | D        | Found a bloodstained altar of Trog.
   202 | D        | Found an ornate altar of the Wu Jian Council.
   202 | D        | Noticed a human
   203 | D        | Noticed a human
   211 | D        | Killed a human
   212 | D        | Reached skill level 8 in Unarmed Combat
   212 | D        | Reached XP level 6. HP: 71/71 MP: 5/5
   215 | D        | Killed a human
   215 | D        | Reached **** piety under Trog
   216 | D        | Reached skill level 9 in Unarmed Combat
   267 | D        | Found a radiant altar of Vehumet.
   267 | D        | Found a shimmering blue altar of Sif Muna.
   267 | D        | Found an ancient bone altar of Kikubaaqudgha.
   275 | D        | Reached XP level 7. HP: 78/79 MP: 6/6
   285 | D        | Found a glowing silver altar of Zin.
   285 | D        | Found a glowing golden altar of the Shining One.
   285 | D        | Found a white marble altar of Elyvilon.
   286 | D        | Noticed a deep elf pyromancer
   291 | D        | Noticed a fire elemental
   292 | D        | Killed a deep elf pyromancer
   292 | D        | Reached ***** piety under Trog
   293 | D        | Reached skill level 10 in Unarmed Combat
   322 | D        | Noticed a shadow
   328 | D        | Killed a shadow
   329 | D        | Reached XP level 8. HP: 63/92 MP: 7/7
   336 | D        | Found a blossoming altar of Fedhas.
   336 | D        | Found a stormy altar of Qazlal.
   336 | D        | Found a snail-covered altar of Cheibriados.
   336 | D        | Found a burning altar of Makhleb.
   336 | D        | Found a shimmering altar of Xom.
   337 | D        | Found a hazy altar of Hepliaklqana.
   337 | D        | Found an opulent altar of Gozag.
   337 | D        | Found a sparkling altar of Nemelex Xobeh.
   337 | D        | Found a corrupted altar of Lugonu.
   337 | D        | Found a viscous altar of Jiyva.
   343 | D        | Reached skill level 11 in Unarmed Combat
   381 | D        | Noticed Snorg
   391 | D        | Killed Snorg
   392 | D        | Reached skill level 10 in Fighting
   392 | D        | Reached skill level 10 in Dodging
   392 | D        | Reached skill level 12 in Unarmed Combat
   473 | D        | Reached XP level 9. HP: 67/102 MP: 8/8
   511 | D        | Noticed a centaur warrior
   517 | D        | Killed a centaur warrior
   522 | D        | Reached skill level 13 in Unarmed Combat
   581 | D        | Killed an unseen horror
   594 | D        | Killed an unseen horror
   594 | D        | Reached ****** piety under Trog
   659 | D        | Noticed a queen bee
   700 | D        | Received a gift from Trog
   712 | D        | Killed a queen bee
   720 | D        | Received a gift from Trog
   725 | D        | Reached XP level 10. HP: 112/115 MP: 9/9
   741 | D        | Reached skill level 14 in Unarmed Combat
   744 | D        | Received a gift from Trog
   763 | D        | Received a gift from Trog
   889 | D        | Noticed Donald
   889 | D        | Noticed Frances
   923 | D        | Killed Frances
   923 | D        | Received a gift from Trog
   924 | D        | Reached skill level 15 in Unarmed Combat
   928 | D        | Killed Donald
   977 | D        | Noticed a cane toad
   977 | D        | Noticed a cane toad
   982 | D        | Killed a cane toad
   983 | D        | Reached skill level 1 in Shields
   986 | D        | Killed a cane toad
   987 | D        | Reached XP level 11. HP: 60/127 MP: 10/10
   992 | D        | Slain by a komodo dragon

Illustrated notes

Levels and vault maps discovered:
D:        dungeon_sprint_mu [sprint_mu_entry_forest, sprint_mu_temple_rooms,
          sprint_mu_d1_horrors, sprint_mu_d2_genie, sprint_mu_d3_branching,
          sprint_mu_orc_legion, sprint_mu_elf_gauntlet, sprint_mu_hive_nellie,
          sprint_mu_lair_fedhas, sprint_mu_vaults_butterflies,
          sprint_mu_slime_circle, sprint_mu_swamp_cave, sprint_mu_shoals_kraken,
          sprint_mu_blade_basic, sprint_mu_crypt_lich, sprint_mu_tomb_spiral,
          sprint_mu_vestibule_basic, sprint_mu_gehenna_hellfire,
          sprint_mu_dis_giant, sprint_mu_tartarus_statrot,
          sprint_mu_cocytus_islands, sprint_mu_zot1]

Skill      XL: |  1  2  3  4  5  6  7  8  9 10 |
---------------+-------------------------------+-----
Fighting       | 3 5 7 9 10 11 13 | 13.5
Dodging        | 3 5 6 7 9 10 11 13 | 13.3
Unarmed Combat | 4 6 8 9 10 12 13 15 | 15.7
Shields        | 1 |  1.8

Action                     |  1- 3 |  4- 6 |  7- 9 | 10-12 || total
---------------------------+-------+-------+-------+-------++-------
  Melee: Unarmed           |    20 |    25 |    73 |    67 ||   185
         Punch             |       |       |     1 |     5 ||     6
 Invoke: Berserk           |       |     1 |     2 |     1 ||     4
         Brothers in Arms  |       |       |     1 |     2 ||     3
  Evoke: Phial of floods   |       |       |     1 |       ||     1
    Use: Potion            |     2 |       |       |     2 ||     4
   Stab: Sleeping          |     1 |       |       |       ||     1
 Armour: Animal skin       |     6 |     1 |    32 |     9 ||    48
  Dodge: Dodged            |     3 |    11 |    41 |    28 ||    83
  Block: Kite shield       |       |       |       |     2 ||     2

Table legend: (Time is in decaauts)
 A = Elapsed time spent in this place.
 B = Non-inter-level travel time spent in this place.
 C = Inter-level travel time spent in this place.
 D = Time resting spent in this place.
 E = Time spent auto-exploring this place.
 F = Levels seen in this place.
 G = Mean time per level.
                   A        B        C        D        E       F      G
               +--------+--------+--------+--------+--------+-----+--------+
         Total |    977 |    952 |     25 |    230 |    216 |   1 |  977.0 |
       Dungeon |    977 |    952 |     25 |    230 |    216 |   1 |  977.0 |
               +--------+--------+--------+--------+--------+-----+--------+

Top non-repeatable levels by time:
       D: 977 daAuts
